 Dungeon Crawl Stone Soup version 0.29.1-12-g30fa7ad0bf (webtiles) character file.

Game seed: 18094808190225371344

8087 raph the Severer (level 11, 0/99 HPs)
             Began as a Hill Orc Cinder Acolyte on Dec 14, 2022.
             Was an Initiate of Ignis.
             Slain by a black mamba (12 damage)
             ... on level 1 of the Lair of Beasts.
             The game lasted 00:15:36 (13863 turns).

raph the Severer (Hill Orc Cinder Acolyte)         Turns: 13863, Time: 00:15:36

Health: 0/99       AC: 20    Str: 18    XL:     11   Next: 25%
Magic:  12/12      EV: 11    Int: 14    God:    Ignis [......]
Gold:   426        SH:  0    Dex: 10    Spells: 10/12 levels left

rFire   + . .      SeeInvis .   b - +2 war axe
rCold   . . .      Faith    .   (no shield)
rNeg    . . .      Spirit   .   F - +0 plate armour
rPois   .          Reflect  .   y - +2 helmet
rElec   .          Harm     .   (no cloak)
rCorr   .          Rampage  .   (no gloves)
Will    +....                   A - +2 pair of boots
Stlth   ..........              (no amulet)
HPRegen 0.26/turn               d - ring of willpower
MPRegen 0.13/turn               f - +4 ring of evasion

@: lethally poisoned (0 -> -15)
A: no striking features
a: Renounce Religion, Rising Flame


You were on level 1 of the Lair of Beasts.
You worshipped Ignis.
Ignis was noncommittal.
You visited 3 branches of the dungeon, and saw 12 of its levels.

You collected 426 gold pieces.

Inventory:

Hand Weapons
 a - a -1 hand axe of flaming
 b - a +2 war axe (weapon)
Missiles
 x - 3 throwing nets
 z - 24 poisoned darts (quivered)
 G - 11 boomerangs
 J - 6 javelins
 K - 3 atropa-tipped darts
Armour
 e - a +1 scale mail
 v - a +0 robe
 y - a +2 helmet (worn)
 A - a +2 pair of boots (worn)
 F - a +0 plate armour (worn)
Magical Staves
 r - a staff of fire
Jewellery
 d - a ring of willpower (left hand)
 f - a +4 ring of evasion (right hand)
 p - a ring of wizardry
 H - an amulet of the acrobat
Wands
 c - a wand of iceblast (10)
 l - a wand of digging (8)
 t - a wand of light (2)
 B - a wand of charming (19)
 D - a wand of flame (6)
Scrolls
 h - a scroll of teleportation
 k - 4 scrolls of immolation
 o - 3 scrolls of fear
 q - 2 scrolls of identify
 s - 2 scrolls of blinking
 u - a scroll of fog
 w - 2 scrolls of amnesia
Potions
 g - a potion of lignification
 i - 3 potions of curing
 j - 2 potions of resistance
 m - 4 potions of heal wounds
 n - a potion of magic
 C - a potion of brilliance
 E - 3 potions of flight
 I - a potion of cancellation


   Skills:
 + Level 9.6 Fighting
 + Level 15.1 Axes
 + Level 7.9 Armour
 + Level 6.0 Dodging
 - Level 1.1 Spellcasting
 - Level 3.4 Fire Magic


You had 10 spell levels left.
You knew the following spells:

 Your Spells              Type           Power      Damage    Failure   Level
a - Scorch                Fire           20%        2d6       95%         2

Your spell library contained the following spells:

 Spells                   Type           Power      Damage    Failure   Level
 Apportation              Tloc           0%         N/A       100%        1
 Frozen Ramparts          Ice            0%         1d1       100%        3
 Ice Form                 Ice/Tmut       0%         N/A       100%        4
 Summon Ice Beast         Ice/Summ       0%         N/A       100%        4
 Alistair's Intoxication  Tmut/Pois      0%         N/A       100%        5


Dungeon Overview and Level Annotations

Branches:
Dungeon (10/15)            Temple (1/1) D:5            Lair (1/5) D:10
    Orc (0/2) D:10

Altars:
Ashenzari
Cheibriados
Dithmenos
Elyvilon
Fedhas
Gozag
Hepliaklqana
Kikubaaqudgha
Makhleb
Nemelex Xobeh
Okawaru
Qazlal
Ru
Sif Muna
Trog
Uskayaw
Vehumet
Wu Jian
Xom
Yredelemnul
Zin
The Shining One

Shops:
D:7 *


Message History

The black mamba bites you!
You are more poisoned.
The black mamba poisons you!
You closely miss the black mamba.
The black mamba is lightly wounded.
You feel very sick. The black mamba bites you.
You are more poisoned.
The black mamba poisons you!
You slash the black mamba!
The black mamba is moderately wounded.
You feel extremely sick. The black mamba barely misses you.
The black mamba closely misses you.
You are too injured to fight recklessly!
You are too injured to fight recklessly!
You are too injured to fight recklessly!
You are too injured to fight recklessly!
You closely miss the black mamba.
The black mamba is moderately wounded.
You feel extremely sick. The black mamba completely misses you.
You slash the black mamba!
The black mamba is heavily wounded.
You feel very sick. The black mamba completely misses you.
The black mamba closely misses you.
You barely miss the black mamba.
The black mamba is heavily wounded.
You feel very sick.
The black mamba bites you but does no damage.
You barely miss the black mamba.
The black mamba is heavily wounded.
You feel very sick.
The black mamba bites you but does no damage.
You hit the black mamba.
The black mamba is severely wounded.
You feel very sick. The black mamba bites you!
* * * LOW HITPOINT WARNING * * *
The black mamba bites you!
You die...

. ......... ....
............. ..... #.
......... ......... #..
................... #..
..................
##...##.##.##...#.......
##....#.S##.##...........
........@................
.........................
.......####.##...........
###.... #.......#....>.
#.... #####..........
#.... #.........## #....
#..........# .....
#.........## ......
#.........#


You could see a black mamba.

Vanquished Creatures
  3 two-headed ogres
  A cane toad (Lair:1)
  A merfolk (D:9)
  A troll (D:10)
  2 hornets
  A shadow (D:5)
  A wraith (D:9)
  2 water moccasins
  An ice beast (D:6)
  A sky beast (D:7)
  Duvessa (D:4)
  5 orc warriors
  3 ogres
  3 centaurs
  2 wolves (D:9)
  2 lemures (D:6)
  A phantom (D:4)
  Blork the orc (D:4)
  A kobold brigand (D:5)
  6 bullfrogs
  4 scorpions
  3 wights (D:8)
  Dowan (D:4)
  9 killer bees
  4 electric eels
  A howler monkey (D:9)
  17 hounds
  6 orc priests
  Jessica (D:3)
  An iguana (D:6)
  A gnoll bouda (D:9)
  2 orc wizards (D:10)
  24 gnolls
  6 adders
  3 shadow imps
  A white imp (D:7)
  2 worms
  2 dart slugs
  25 orcs
  4 endoplasms
  A giant cockroach (D:4)
  10 goblins
  3 hobgoblins
  11 kobolds
  7 quokkas
  8 ball pythons
  6 bats
  2 frilled lizards
  5 rats
209 creatures vanquished.

Vanquished Creatures (collateral kills)
  Pikel (D:6)
1 creature vanquished.

Vanquished Creatures (others)
  50 foxfires (D:4)
50 creatures vanquished.

Grand Total: 260 creatures vanquished

Notes
Turn   | Place    | Note
-------+----------+-------------------------------------------
     0 | D:1      | raph the Hill Orc Cinder Acolyte began the quest for the
                  | Orb.
     0 | D:1      | Reached XP level 1. HP: 19/19 MP: 2/2
   210 | D:1      | Reached XP level 2. HP: 21/27 MP: 3/3
   627 | D:1      | Found a faded altar of an unknown god.
  1118 | D:2      | Reached skill level 5 in Axes
  1126 | D:2      | Reached XP level 3. HP: 30/33 MP: 4/4
  1135 | D:2      | Learned a level 2 spell: Scorch
  1674 | D:3      | Reached skill level 6 in Axes
  1674 | D:3      | Reached XP level 4. HP: 40/40 MP: 5/5
  1930 | D:3      | Noticed Jessica
  1934 | D:3      | Killed Jessica
  2232 | D:3      | Reached skill level 7 in Axes
  2232 | D:3      | Reached XP level 5. HP: 18/46 MP: 6/6
  2509 | D:3      | Noticed an ogre
  3207 | D:4      | Noticed Duvessa
  3209 | D:4      | Noticed Dowan
  3217 | D:4      | Killed Dowan
  3217 | D:4      | Killed Duvessa
  3218 | D:4      | Reached skill level 9 in Axes
  3218 | D:4      | Reached XP level 6. HP: 37/52 MP: 7/7
  3659 | D:4      | Reached XP level 7. HP: 20/58 MP: 8/8
  3876 | D:4      | Reached skill level 10 in Axes
  4038 | D:4      | Reached skill level 11 in Axes
  4140 | D:4      | Found an opulent altar of Gozag.
  4141 | D:4      | Found a sparkling altar of Nemelex Xobeh.
  4141 | D:4      | Noticed Blork the orc
  4162 | D:4      | Killed Blork the orc
  4518 | D:5      | Entered Level 5 of the Dungeon
  4577 | D:5      | Noticed a shadow
  4588 | D:5      | Killed a shadow
  4589 | D:5      | Reached skill level 12 in Axes
  4589 | D:5      | Reached XP level 8. HP: 66/66 MP: 9/9
  4628 | D:5      | Reached skill level 1 in Armour
  4628 | D:5      | Reached skill level 1 in Dodging
  5192 | D:5      | Reached skill level 5 in Fighting
  5627 | D:5      | Found a staircase to the Ecumenical Temple.
  5635 | Temple   | Entered the Ecumenical Temple
  5916 | D:6      | Noticed Pikel
  5934 | D:6      | Killed Pikel
  5935 | D:6      | Reached skill level 13 in Axes
  5935 | D:6      | Reached XP level 9. HP: 32/75 MP: 10/10
  6632 | D:6      | Found a burning altar of Makhleb.
  6656 | D:6      | Found a glowing silver altar of Zin.
  6656 | D:6      | Noticed a green death
  6656 | D:6      | Noticed an angel
  7493 | D:7      | Found a glowing golden altar of the Shining One.
  7512 | D:7      | Found Afrel's General Store.
  7679 | D:8      | Reached skill level 5 in Armour
  7777 | D:8      | Identified the +6 trident of Taot Elu {vorpal, Int+2}
  7783 | D:8      | Noticed a two-headed ogre
  7793 | D:8      | Killed a two-headed ogre
  7794 | D:8      | Reached XP level 10. HP: 78/86 MP: 11/11
  7963 | D:8      | Paralysed by a hornet for 2 turns
  8313 | D:8      | Reached skill level 14 in Axes
  8698 | D:9      | Noticed a two-headed ogre
  8711 | D:8      | Killed a two-headed ogre
  9239 | D:9      | Reached skill level 5 in Dodging
  9850 | D:10     | Entered Level 10 of the Dungeon
  9995 | D:10     | Found a staircase to the Lair.
 10535 | D:10     | Found a staircase to the Orcish Mines.
 10553 | D:10     | HP: 2/91 [orc warrior/+0 dire flail (10)]
 11599 | D:9      | Reached XP level 11. HP: 50/97 MP: 12/12
 11964 | D:10     | Found a snail-covered altar of Cheibriados.
 11967 | D:10     | Found a sacrificial altar of Ru.
 11970 | D:10     | Found a blossoming altar of Fedhas.
 11971 | D:10     | Found a broken altar of Ashenzari.
 11971 | D:10     | Found a bloodstained altar of Trog.
 11973 | D:10     | Found an ancient bone altar of Kikubaaqudgha.
 11975 | D:10     | Found an ornate altar of the Wu Jian Council.
 12144 | D:10     | Noticed a two-headed ogre
 12154 | D:10     | Killed a two-headed ogre
 12506 | D:9      | Reached skill level 15 in Axes
 13205 | Lair:1   | Entered Level 1 of the Lair of Beasts
 13863 | Lair:1   | Slain by a black mamba

Illustrated notes

Levels and vault maps discovered:
D:1:      dpeg_arrival_long_road, layout_basic, basic_ecumenical_altar
D:2:      layout_basic
D:3:      layout_rooms, minmay_ogre_servants, uniq_jessica
D:4:      minmay_bubble_buster, layout_basic, grunt_temple_overflow_opulence,
          uniq_blork_the_orc, uniq_duvessa
D:5:      layout_loops_ring, minmay_temple_entry_crystal_x
D:6:      layout_cave_pools, grunt_temple_overflow_order_and_chaos_2, uniq_pikel
D:7:      layout_cave_pools, overflow_temple_1_default, serial_shops, shop
D:8:      layout_loops_cross
D:9:      layout_basic, hangedman_fish_farm
D:10:     layout_stronghold, minitemple, erik_lair_island, david_orc_3
Temple:   jpeg_temple_alley_garden
Lair:1:   layout_gridlike, infiniplex_staircase_pool

Skill      XL: |  1  2  3  4  5  6  7  8  9 10 11 |
---------------+----------------------------------+-----
Axes           | 5 6 7 9 12 13 14 15 | 15.1
Fighting       | 6 7 9 |  9.6
Armour         | 4 5 7 |  7.9
Dodging        | 2 4 5 6 |  6.0
Spellcasting   | |  1.1
Fire Magic     | |  3.4

Action                   |  1- 3 |  4- 6 |  7- 9 | 10-12 || total
-------------------------+-------+-------+-------+-------++-------
Melee: Hand axe          |    88 |   126 |   138 |       ||   352
       Punch             |     1 |     1 |     1 |     3 ||     6
       War axe           |       |       |   177 |   312 ||   489
Throw: Dart              |       |       |       |     2 ||     2
 Cast: Scorch            |       |       |     7 |       ||     7
Invok: Foxfire Swarm     |       |     2 |     2 |       ||     4
       Fiery Armour      |       |     2 |     3 |     1 ||     6
  Use: Scroll            |       |    11 |     8 |     8 ||    27
       Potion            |       |       |       |     4 ||     4
 Stab: Distracted        |       |       |     1 |       ||     1
       Invisible         |       |       |       |     3 ||     3
Armor: Robe              |    10 |       |       |       ||    10
       Scale mail        |    28 |    52 |   105 |    83 ||   268
       Plate armour      |       |       |       |    45 ||    45
Dodge: Dodged            |    60 |    74 |   200 |   251 ||   585
